 Dungeon Crawl Stone Soup version 0.24.0 (webtiles) character file.

Game seed: 11052494212802873843, levelgen mode: deterministic

108 Buxparty the Covered (level 4, 0/29 HPs)
             Began as a Gargoyle Fighter on Feb 16, 2020.
             Killed from afar by an orc wizard (8 damage)
             ... with a magic dart
             ... on level 3 of the Dungeon.
             The game lasted 00:03:22 (1439 turns).

Buxparty the Covered (Gargoyle Fighter)             Turns: 1439, Time: 00:03:23

Health: 0/29       AC: 11    Str: 20    XL:     4   Next: 87%
Magic:  4/4        EV:  7    Int:  9    God:
Gold:   68         SH:  9    Dex:  9    Spells: 3/3 levels left

rFire    . . .     SeeInvis .   a - +1 trident
rCold    . . .     Gourm    .   c - +0 shield
rNeg     + . .     Faith    .   b - +0 scale mail
rPois    ∞         Spirit   .   (no helmet)
rElec    +         Reflect  .   (no cloak)
rCorr    .         Harm     .   j - +0 pair of gloves
MR       .....                  (no boots)
Stlth    ..........             (no amulet)
HPRegen  0.09/turn              e - ring of attention (curse)
MPRegen  0.09/turn              (no ring)

@: no status effects
A: negative energy resistance 1, electricity resistance, unbreathing,
petrification resistance, rot immunity, AC +3
a: no special abilities


You were on level 3 of the Dungeon.
You were not hungry.

You visited 1 branch of the dungeon, and saw 3 of its levels.

You collected 68 gold pieces.

Inventory:

Hand Weapons
 a - a +1 trident (weapon)
Armour
 b - a +0 scale mail (worn)
 c - a +0 shield (worn)
 j - a +0 pair of gloves (worn)
Jewellery
 e - a cursed ring of attention (left hand)
Scrolls
 i - a scroll of teleportation {unknown}
 k - 3 scrolls of identify {unknown}
 n - a scroll of remove curse {unknown}
 o - a scroll of blinking {unknown}
Potions
 d - a potion of might
 g - a potion of flight {unknown}
 h - a potion of ambrosia {unknown}
 l - a potion of berserk rage {unknown}
 m - a potion of curing {unknown}
 p - a potion of brilliance {unknown}
Comestibles
 f - 5 rations
 q - a chunk of flesh


   Skills:
 + Level 3.9 Fighting
 * Level 3.1 Polearms
 + Level 4.0 Armour
 + Level 3.9 Shields


You had 3 spell levels left.
You didn't know any spells.
Your spell library was empty.

Dungeon Overview and Level Annotations

Branches:
Dungeon (3/15)

Altars:
Trog


Innate Abilities, Weirdness & Mutations

You are resistant to torment.
Your stone body is resilient. (AC +3)
You are immune to poison.
You resist negative energy. (rN+)
You are resistant to electric shocks. (rElec)
You can survive without breathing.
You are immune to petrification.
You are immune to rotting.


Message History

Your shield and scale mail prevent you from hitting the orc priest.
You block the orc's attack. The orc wizard barely misses you.
The orc priest hits you but does no damage.
The orc barely misses you.
You hit the orc priest.
The orc priest is moderately wounded.
You block the orc's attack. You block the orc wizard's attack.
The orc hits you but does no damage. You block the orc priest's attack.
You closely miss the orc priest.
The orc priest is moderately wounded.
The orc barely misses you.
The orc wizard hits you but does no damage.
You block the orc's attack.
The orc priest hits you with a +0 flail.
* * * LOW HITPOINT WARNING * * *
The orc barely misses you. The orc barely misses you.
The orc wizard points at you and mumbles some strange words.
The magic dart hits you!
You die...

##.##.... #..#..<..
#....#... ##........
#.......#
##############.......#
#............soo.......
#........##.ooo......##
#.<.......@.##########
#..÷.....####
#........# ##########


You could see an orc priest, an orc wizard, 3 orcs and a giant cockroach.

Vanquished Creatures
  5 adders (D:2)
  An ooze (D:1)
  A dart slug (D:1)
  2 leopard geckos
  6 giant cockroaches
  8 goblins
  11 hobgoblins
  5 kobolds
  3 bats
  2 frilled lizards (D:2)
  8 rats
52 creatures vanquished.

Notes
Turn   | Place    | Note
-------+----------+-------------------------------------------
     0 | D:1      | Buxparty the Gargoyle Fighter began the quest for the Orb.
     0 | D:1      | Reached XP level 1. HP: 14/14 MP: 1/1
   208 | D:1      | Reached XP level 2. HP: 19/19 MP: 2/2
   299 | D:1      | Reached XP level 3. HP: 20/23 MP: 3/3
   847 | D:2      | Reached XP level 4. HP: 29/29 MP: 4/4
  1146 | D:2      | Found a bloodstained altar of Trog.
  1151 | D:2      | Reached skill level 4 in Armour
  1439 | D:3      | Killed from afar by an orc wizard

Levels and vault maps discovered:
D:1:      elethiomel_arrival_maze, layout_loops_ring
D:2:      layout_loops_ring, lightli_temple_of_fire,
          kennysheep_decorative_pillar, minmay_worlds_worst_comb
D:3:      layout_rooms, tso_metal_star, hangedman_decor_push
